 Dungeon Crawl Stone Soup version 0.24.0-13-gcf9b3192b9 (webtiles) character file.

Game seed: 1897798453133070047, levelgen mode: deterministic

130 EriolAelfwine the Poker (level 5, 0/42 HPs)
             Began as a Merfolk Abyssal Knight on Nov 10, 2019.
             Was a Priest of Lugonu.
             Slain by a hound (5 damage)
             ... on level 4 of the Dungeon.
             The game lasted 00:18:39 (3632 turns).

EriolAelfwine the Poker (Merfolk Abyssal Knight)    Turns: 3632, Time: 00:18:40

Health: 0/42       AC:  6    Str: 13    XL:     5   Next: 14%
Magic:  6/6        EV:  7    Int: 11    God:    Lugonu [***...]
Gold:   128        SH: 11    Dex: 14    Spells: 4/4 levels left

rFire    . . .     SeeInvis .   a - +1 spear
rCold    . . .     Gourm    .   h - +0 large shield
rNeg     . . .     Faith    .   g - +0 ring mail
rPois    .         Spirit   .   t - +0 helmet
rElec    .         Reflect  .   (no cloak)
rCorr    .         Harm     .   (no gloves)
MR       .....                  (no boots)
Stlth    +.........             (no amulet)
HPRegen  0.14/turn              (no ring)
MPRegen  0.10/turn              (no ring)

@: no status effects
A: change form in water, swift swim, stealthy swim
a: Depart the Abyss, Bend Space, Banish, Renounce Religion


You were on level 4 of the Dungeon.
You worshipped Lugonu.
Lugonu was most pleased with you.
You were not hungry.

You visited 1 branch of the dungeon, and saw 4 of its levels.
You visited the Abyss 1 time.

You collected 128 gold pieces.

Inventory:

Hand Weapons
 a - a +1 spear (weapon)
 k - a +0 spear
 u - a +3 rapier
Missiles
 l - 14 poisoned darts (quivered)
 q - 111 stones
Armour
 g - a +0 ring mail (worn)
 h - a +0 large shield (worn)
 t - a +0 helmet (worn)
 v - a +0 scale mail
Jewellery
 i - an uncursed ring of wizardry {unknown}
 s - an uncursed ring of protection from magic {unknown}
Scrolls
 d - 3 scrolls of teleportation
 e - a scroll of magic mapping
 o - a scroll of identify {unknown}
 p - a scroll of amnesia {unknown}
Potions
 b - 2 potions of degeneration {unknown}
 f - 2 potions of heal wounds {unknown}
 j - a potion of mutation {unknown}
 n - a potion of resistance {unknown}
 r - 2 potions of brilliance {unknown}
Comestibles
 c - 6 rations


   Skills:
 + Level 4.2 Fighting
 + Level 4.8 Polearms
 + Level 0.9 Armour
 + Level 3.5 Dodging
 - Level 0.1 Stealth
 + Level 1.8 Shields
 + Level 2.1 Invocations


You had 4 spell levels left.
You didn't know any spells.
Your spell library was empty.

Dungeon Overview and Level Annotations

Branches:
Dungeon (4/15)
 Temple: D:4-7

Altars:
Lugonu


Message History

The hound is severely wounded.
You block the hound's attack.
Your shield and ring mail prevent you from hitting the hound.
The hound is severely wounded.
You block the hound's attack. The hound bites you but does no damage.
You hit the hound.
The hound is almost dead.
You block the hound's attack. x2
Your shield prevents you from hitting the hound.
The hound is almost dead.
The hound barely misses you.
You closely miss the hound.
The hound is almost dead.
The hound bites you.
* * * LOW HITPOINT WARNING * * *
You block the hound's attack.
You hit the hound but do no damage.
The hound is almost dead.
The hound bites you.
You die...

#.# #.
###
#.###.
..#
#.....
#.#
#####.
#.# #. #
.!. #.
#.##$##.#
%.
?.....†.#
#. #@# #.
#h# . ...
# ....#
......
.)....#.
##.......
##.##.# #


You could see a hound.

Vanquished Creatures
  Robin (D:2)
  3 adders (D:2)
  3 dart slugs
  2 leopard geckos
  2 orcs (D:3)
  5 giant cockroaches
  13 goblins
  13 hobgoblins
  5 jackals
  A ball python (D:3)
  10 bats
  4 frilled lizards
  9 kobolds
  11 rats
82 creatures vanquished.

Notes
Turn   | Place    | Note
-------+----------+-------------------------------------------
     0 | Abyss:1  | EriolAelfwine the Merfolk Abyssal Knight began the quest
                  | for the Orb.
     0 | Abyss:1  | Reached XP level 1. HP: 18/18 MP: 2/2
    10 | D:1      | Escaped the Abyss
    97 | D:1      | Reached XP level 2. HP: 19/24 MP: 3/3
   331 | D:1      | Reached ** piety under Lugonu
   586 | D:1      | Reached XP level 3. HP: 28/30 MP: 4/4
  1408 | D:2      | Noticed Robin
  1495 | D:2      | Reached XP level 4. HP: 29/37 MP: 5/5
  1893 | D:2      | Reached skill level 1 in Shields
  1900 | D:2      | Killed Robin
  2731 | D:3      | Found a faded altar of an unknown god.
  2824 | D:3      | Reached *** piety under Lugonu
  2826 | D:3      | Reached XP level 5. HP: 38/42 MP: 6/6
  3632 | D:4      | Slain by a hound

Levels and vault maps discovered:
D:1:      arrival_zaba_pyramid, layout_basic, minmay_pentomino_z4
D:2:      minmay_door_path, layout_loops_cross, first_ration, uniq_robin
D:3:      layout_basic, chequers_ecumenical_altar_twisty,
          chequers_serial_rivers_small_a, dk_noncrumbling_3
D:4:      layout_loops_ring, uniq_blork_the_orc, uniq_duvessa, uniq_grinder

Skill      XL: |  1  2  3  4 |
---------------+-------------+-----
Dodging        | 3 |  3.5
Fighting       | 4 |  4.2
Polearms       | 4 |  4.8
Shields        | 1 |  1.8
Armour         | |  0.9
Stealth        | |  0.1
Invocations    | |  2.1

Action                   |  1- 3 |  4- 6 || total
-------------------------+-------+-------++-------
Melee: Spear             |   143 |   197 ||   340
  Use: Scroll            |       |     3 ||     3
 Stab: Sleeping          |     1 |       ||     1
  Eat: Chunk             |     1 |     8 ||     9
Armor: Leather armour    |    13 |       ||    13
       Ring mail         |    32 |    50 ||    82
Dodge: Dodged            |    51 |    35 ||    86
Block: Large shield      |    44 |   102 ||   146
